Map: Dash and Terminal LE (Void)

Players

daboss

  • Race: Terran Terran
  • League: Platinum

CunningStunt - Winner!

  • Race: Protoss Protoss
  • League: Gold

VOD

Have the link to the VOD?

Description

Time

  • Played on: Sept. 8, 2015, 10:41 p.m.
  • Length: 4:26
Show
View Real Time Build Order
Export as new Build Order

daboss Terran 

Build Orders: Reaper Expand 

Get SALT Encoding   

  12  0:03  SCV  
  13  0:15  SCV  
  14  0:22  Supply Depot  
  14  0:27  SCV  
  15  0:44  SCV  
  15  0:47  Barracks  
  16  0:50  Refinery  
  16  0:56  SCV  
  17  1:08  SCV  
  18  1:20  SCV  
  19  1:34  Orbital Command  
  19  1:38  Reaper  
  20  1:48  Command Center  
  20  2:00  SCV  
  21  2:03  Supply Depot  
  21  2:12  SCV  
  22  2:20  Factory  
  22  2:21  Marine  
  23  2:25  SCV  
  24  2:31  Refinery  
  25  2:37  SCV  
  25  2:49  SCV  
  26  2:55  Barracks Reactor  
  26  3:01  SCV  
  26  3:02  Orbital Command  
  26  3:13  SCV  
  26  3:16  Factory Tech Lab  
  27  3:25  SCV  
  28  3:29  SCV  
  28  3:31  Marine x2  
  31  3:37  SCV  
  31  3:39  Starport  
  32  3:42  SCV  
  33  3:48  Siege Tank  
  33  3:49  SCV  
  33  3:54  SCV  
  38  3:57  Command Center  
  38  4:00  Barracks  
  38  4:01  SCV  
  38  4:02  Barracks  
  39  4:06  SCV, Marine x2  
  42  4:13  SCV  
  43  4:22  Starport Reactor  
Show
View Real Time Build Order
Export as new Build Order

CunningStunt Protoss - Winner!

Build Orders: 1 Gate Expand 

Get SALT Encoding   

  12  0:00  Probe (Chrono Boost)  
  13  0:10  Probe (Chrono Boost)  
  14  0:17  Pylon  
  14  0:21  Probe (Chrono Boost)  
  15  0:35  Probe (Chrono Boost)  
  16  0:42  Gateway  
  16  0:45  Probe (Chrono Boost)  
  17  0:55  Probe (Chrono Boost)  
  18  1:05  Probe (Chrono Boost)  
  19  1:19  Probe (Chrono Boost)  
  19  1:20  Nexus  
  20  1:30  Cybernetics Core  
  20  1:36  Assimilator  
  20  1:39  Assimilator  
  20  1:42  Probe (Chrono Boost)  
  21  1:49  Pylon  
  21  1:52  Probe (Chrono Boost)  
  22  2:02  Probe (Chrono Boost)  
  23  2:08  Adept  
  23  2:12  Probe (Chrono Boost)  
  26  2:22  Probe (Chrono Boost), Pylon  
  27  2:33  Probe x2 (Chrono Boost)  
  27  2:36  Adept  
  31  2:49  Probe x2 (Chrono Boost)  
  32  2:59  Probe (Chrono Boost)  
  32  3:00  Mothership Core (Chrono Boost)  
  35  3:11  Probe (Chrono Boost)  
  36  3:14  Assimilator  
  36  3:15  Assimilator  
  36  3:17  Probe (Chrono Boost)  
  36  3:19  Robotics Facility  
  37  3:21  Probe (Chrono Boost)  
  38  3:28  Probe (Chrono Boost)  
  38  3:31  Probe (Chrono Boost)  
  40  3:38  Probe (Chrono Boost)  
  41  3:42  Probe (Chrono Boost)  
  42  3:48  Gateway  
  42  3:51  Gateway  
  42  3:53  Probe x2 (Chrono Boost)  
  44  3:56  Pylon  
  44  3:58  Pylon  
  44  4:03  Probe (Chrono Boost)  
Tags
 
Add a new tag
Caveats
  • Supply blocks, unpowered buildings, or Contaminate may cause inaccurate times.
  • Supply counts are checked every 10 seconds.